 Dungeon Sprint DCSS version 0.18-a0-1800-gdc7a371 (webtiles) character file.

10 Kidiri the Sneak (level 2, -5/14 HPs)
             Began as a Spriggan Enchanter on Apr 25, 2016.
             Slain by a siren
             ... wielding a cursed -3 spear
              (15 damage)
             ... in the Dungeon (Sprint II: "The Violet Keep of Menkaure").
             The game lasted 00:00:44 (204 turns).

Kidiri the Sneak (Spriggan Enchanter)                Turns: 204, Time: 00:00:44

Health: -5/14      AC:  3    Str:  4    XL:     2   Next: 10%
Magic:  5/7        EV: 19    Int: 16    God:
Gold:   243        SH:  0    Dex: 16    Spells: 2 memorised, 4 levels left

rFire  . . .     SeeInvis +     a - +1 dagger
rCold  . . .     Gourm    .     b - +1 robe
rNeg   . . .     Faith    .     (shield restricted)
rPois  .         Spirit   .     (helmet restricted)
rElec  .         Dismiss  .     (no cloak)
rCorr  .         Reflect  .     (gloves unavailable)
SustAt .         Harm     .     (boots unavailable)
MR     .....     NoTele   +     (no amulet)
Stlth  +++.......               (no ring)
                                (no ring)

@: very quick, not resistant to hostile enchantments, fairly stealthy
A: unfitting armour, see invisible, herbivore 3, speed 3, slow metabolism 2
a: no special abilities


You were in the Dungeon.
You were not hungry.

You visited 1 branch You collected 243 gold pieces.

Inventory:

Hand Weapons
 a - a +1 dagger (weapon)
Armour
 b - a +1 robe (worn)
Scrolls
 j - a scroll of blinking
Potions
 f - a potion of heal wounds
 g - a potion of haste
 h - 2 potions of magic
 i - a potion of berserk rage
Books
 c - a book of Maledictions

   Spells                             Type                      Level
   a - Corona                         Hexes                        1
   b - Ensorcelled Hibernation        Hexes/Ice                    2
   c - Confuse                        Hexes                        3
   d - Tukima's Dance                 Hexes                        3
   e - Dazzling Spray                 Conjuration/Hexes            3
Comestibles
 d - a bread ration


   Skills:
 + Level 0.8 Fighting
 * Level 2.1 Short Blades
 + Level 0.8 Armour
 * Level 4.1 Dodging
 * Level 5.1 Stealth
 * Level 3.4 Spellcasting
 + Level 3.7 Hexes
 + Level 0.0 Ice Magic


You had 4 spell levels left.
You knew the following spells:

 Your Spells              Type           Power        Failure   Level  Hunger
a - Corona                Hex            ##.....      4%          1    None
b - Ensorcelled Hibernat  Hex/Ice        #.....       14%         2    ##.....


Dungeon Overview and Level Annotations

Branches:
Dungeon (1/1)

Altars:

Annotations:
D Menkaure


Innate Abilities, Weirdness & Mutations

You are tiny and cannot use many weapons and most armour.
You have supernaturally acute eyesight.
You are a herbivore.
You cover ground extremely quickly.
You need consume almost no food.


Message History

Aim: a siren, wielding a spear (mesmerising, chance to defeat MR: 12%)
The siren looks drowsy...
The siren stops singing.
You are no longer entranced.
The helpless siren fails to defend itself.
You impale the siren!!
The siren is severely wounded.
The siren hits you with a spear!
Ouch! That really hurt!
* * * LOW HITPOINT WARNING * * *
Unknown command.
Drink which item? (? for menu, Esc to quit)
You feel better. The siren completely misses you.
You hit the siren but do no damage.
The siren is severely wounded.
The siren misses you.
You completely miss the siren.
The siren is severely wounded.
The siren hits you with a spear!
Ouch! That really hurt!
You die...

##≈≈#+++#+++##
#≈≈≈.........#
#≈≈≈≈M##+##..#
#≈≈≈≈##.#.##
#≈≈≈ #%##.%#
#≈≈# ###..####
#≈##. #'###.##
#
#$B.##.##.m.#
#+.<.'@#
#..B##.##...#
##. #+###.## #
.$. ##


nn#nn ##. .## ## ## You could see a siren.

Vanquished Creatures
  3 worms (D)
3 creatures vanquished.

Vanquished Creatures (others)
  A crocodile (D)
1 creature vanquished.

Grand Total: 4 creatures vanquished

Notes
Turn   | Place    | Note
--------------------------------------------------------------
     0 | D        | Kidiri the Spriggan Enchanter began the quest for the Orb.
     0 | D        | Reached XP level 1. HP: 9/9 MP: 5/5
    19 | D        | Killed a crocodile
   171 | D        | Noticed an obsidian statue
   174 | D        | Reached skill level 5 in Stealth
   174 | D        | Reached XP level 2. HP: 14/14 MP: 7/7
   179 | D        | Noticed Menkaure
   188 | D        | Learned a level 2 spell: Ensorcelled Hibernation
   191 | D        | Noticed a boulder beetle
   191 | D        | Noticed a boulder beetle
   194 | D        | Noticed a necrophage
   194 | D        | Noticed a necrophage
   194 | D        | Noticed a necrophage
   194 | D        | Noticed a necrophage
   197 | D        | Noticed a siren
   204 | D        | Slain by a siren

Vault maps used:
D:        the_violet_keep_of_menkaure

Skill      XL: |  1 |
---------------+----+-----
Spellcasting   | 3 |  3.4
Dodging        | 4 |  4.1
Short Blades   | 2 |  2.1
Stealth        | 5 |  5.1
Fighting       | |  0.8
Armour         | |  0.8
Hexes          | |  3.7

Action                   || total
-------------------------++-------
Melee: Dagger            ||    12
 Cast: Corona            ||     1
       Ensorcelled Hiber ||     1
  Use: Potion            ||     1
 Stab: Sleeping          ||     4
Dodge: Dodged            ||     5
